 Dungeon Crawl Stone Soup version 0.29-a0-214-g17f627cfee (webtiles) character file.

Game seed: 4170082536741137626

193 iguanaiguana the Chopper (level 5, 0/43 HPs)
             Began as a Palentonga Warper on Feb 25, 2022.
             Slain by a white imp (1 damage)
             ... summoned by Natasha
             ... on level 4 of the Dungeon.
             The game lasted 00:07:33 (4041 turns).

iguanaiguana the Chopper (Palentonga Warper)        Turns: 4041, Time: 00:07:33

Health: 0/43       AC:  4    Str: 16    XL:     5   Next: 43%
Magic:  8/8        EV:  9    Int: 13    God:
Gold:   113        SH:  0    Dex: 10    Spells: 6/8 levels left

rFire   . . .      SeeInvis +   x - +0 war axe
rCold   . . .      Faith    .   (no shield)
rNeg    . . .      Spirit   .   b - +0 leather armour
rPois   .          Reflect  .   (no helmet)
rElec   .          Harm     .   (no cloak)
rCorr   .          Rampage  .   (no gloves)
Will    .....                   (no barding)
Stlth   +.........              (no amulet)
HPRegen 0.14/turn               (no ring)
MPRegen 0.11/turn               (no ring)

@: slowed, very slow
A: large, rugged brown scales 3, see invisible, deformed body, roll 1, armoured
tail
a: Rolling Charge


You were on level 4 of the Dungeon.
You visited 1 branch of the dungeon, and saw 4 of its levels.

You collected 113 gold pieces.

Inventory:

Hand Weapons
 a - a +0 hand axe
 u - the +4 short sword "Faot Rawn" {freeze, +Blink Will+ SInv}
   (You found it on level 3 of the Dungeon)

   It freezes those it strikes, dealing additional cold damage.
   It can also slow down cold-blooded creatures.
   SInv:      It lets you see invisible.
   +Blink:    It lets you blink.
   Will:      It increases your willpower.
 x - a +0 war axe (weapon)
Missiles
 d - 5 boomerangs of dispersal (quivered)
 s - 7 boomerangs
 t - 9 poisoned darts
Armour
 b - a +0 leather armour (worn)
Scrolls
 c - a scroll of blinking {@r4}
 f - a scroll of magic mapping {unknown}
 h - a scroll of enchant armour {unknown}
 i - 2 scrolls of identify {@r1}
 k - 2 scrolls of teleportation {unknown}
 n - a scroll of holy word {unknown}
 v - a scroll of acquirement {unknown}
Potions
 e - 2 potions of haste {@q4}
 g - a potion of degeneration
 j - a potion of lignification {unknown}
 l - a potion of curing {unknown}
 m - a potion of flight {unknown}
 o - a potion of berserk rage
 p - a potion of mutation {unknown}
 q - a potion of attraction {unknown}
 r - 2 potions of resistance {@q5}
 w - 2 potions of heal wounds {@q2}


   Skills:
 - Level 3.0 Fighting
 * Level 4.3 Axes
 - Level 0.6 Throwing
 - Level 0.7 Armour
 - Level 1.5 Dodging
 - Level 2.0 Spellcasting
 + Level 4.0 Translocations


You had 6 spell levels left.
You knew the following spells:

 Your Spells              Type           Power      Damage    Failure   Level
a - Blink                 Tloc           22%        N/A       9%          2

Your spell library contained the following spells:

 Spells                   Type           Power      Damage    Failure   Level
 Gell's Gravitas          Tloc           11%        N/A       17%         3
 Lesser Beckoning         Tloc           11%        N/A       17%         3
 Teleport Other           Tloc           11%        N/A       17%         3
 Pain                     Necr           4%         1d4       30%         1
 Corpse Rot               Necr/Air       2%         N/A       43%         2
 Poisonous Vapours        Pois/Air       2%         N/A       43%         2
 Frozen Ramparts          Ice            2%         1d2       67%         3
 Ozocubu's Armour         Ice            1%         N/A       67%         3
 Manifold Assault         Tloc           11%        N/A       85%         5
 Ice Form                 Ice/Tmut       1%         N/A       97%         4
 Summon Ice Beast         Ice/Summ       1%         N/A       97%         4
 Agony                    Necr           1%         N/A       100%        5
 Excruciating Wounds      Necr           0%         N/A       100%        5
 Ozocubu's Refrigeration  Ice            0%         4d5       100%        7


Dungeon Overview and Level Annotations

Branches:
Dungeon (4/15)
 Temple: D:4-7

Altars:
Zin

Annotations:
D:4 Natasha


Innate Abilities, Weirdness & Mutations

You are completely covered in rugged brown scales. (AC +3, +7% HP)
You have supernaturally acute eyesight. (SInv)
Armour fits poorly on your strangely shaped body.
You can roll at nearby foes to attack.
You have a long armoured tail.


Message History

Natasha stares at you and mumbles some strange words.
You feel yourself slow down.
You barely miss Natasha.
Natasha is heavily wounded.
You barely miss the white imp.
The white imp hits you but does no damage.
Natasha claws you. The white imp gestures at you. The puff of frost misses you.
You hit Natasha.
Your tail-slap misses Natasha.
Your punch misses Natasha.
Natasha is heavily wounded.
You hit the white imp but do no damage. Natasha barely misses you.
The white imp hits you. The white imp freezes you. Natasha barely misses you.
The white imp closely misses you.
You hit Natasha.
Natasha is severely wounded.
You closely miss the white imp. Natasha claws you. The white imp misses you.
Natasha misses you. The white imp gestures at you. The puff of frost hits you!
* * * LOW HITPOINT WARNING * * *
You miss Natasha.
Your tail-slap misses Natasha.
Natasha is severely wounded.
You closely miss the white imp. Natasha barely misses you.
The white imp closely misses you. Natasha claws you!
* * * LOW HITPOINT WARNING * * *
The white imp hits you but does no damage.
You closely miss Natasha.
Natasha is severely wounded.
You slash the white imp! Natasha closely misses you.
The white imp gestures at you. The puff of frost hits you!
* * * LOW HITPOINT WARNING * * *
Natasha claws you.
* * * LOW HITPOINT WARNING * * *
You miss Natasha.
Natasha is heavily wounded.
You barely miss the white imp. The white imp barely misses you.
Natasha closely misses you. The white imp hits you.
You die...

#######+####
...........#
...........###
.............
...........#########....
.....?h5.......... .....
#####@........# #....
................# #....
#######.........# #....
#...†.....# #....
#########.# #.... #.## #
#####..# # #......## #
#.......# #


You could see Natasha and a white imp (summoned).

Vanquished Creatures
  A jelly (D:4)
  A bullfrog skeleton (D:4)
  A centaur skeleton (D:4)
  2 adders (D:2)
  An adder skeleton (D:4)
  3 worms
  A dart slug (D:3)
  5 orcs
  7 ball pythons
  6 endoplasms (D:1)
  2 giant cockroaches
  7 goblins
  7 hobgoblins
  2 jackals (D:3)
  5 quokkas
  3 bats
  4 frilled lizards
  3 kobolds
  10 rats
71 creatures vanquished.

Notes
Turn   | Place    | Note
-------+----------+-------------------------------------------
     0 | D:1      | iguanaiguana the Palentonga Warper began the quest for the
                  | Orb.
     0 | D:1      | Reached XP level 1. HP: 17/17 MP: 3/3
   223 | D:1      | Reached XP level 2. HP: 15/23 MP: 5/5
   327 | D:1      | Found a faded altar of an unknown god.
   964 | D:1      | Reached XP level 3. HP: 28/29 MP: 6/6
  1277 | D:1      | Learned a level 2 spell: Blink
  2653 | D:2      | Reached XP level 4. HP: 24/36 MP: 7/7
  3099 | D:3      | Identified the +4 short sword "Faot Rawn" {freeze, +Blink
                  | Will+ SInv}
  3308 | D:3      | Found a faded altar of an unknown god.
  3511 | D:3      | Found a glowing silver altar of Zin.
  3839 | D:4      | Reached XP level 5. HP: 37/43 MP: 8/8
  4030 | D:4      | Noticed Natasha
  4040 | D:4      | HP: 1/43 [Natasha (4)]
  4041 | D:4      | Slain by a white imp

Illustrated notes

Levels and vault maps discovered:
D:1:      eino_arrival_druids_welcome, layout_loops_ring,
          hellmonk_ecumenical_altar_inner_sanctum, serial_rivers,
          chequers_serial_rivers_room_b, chequers_serial_rivers_room_a,
          chequers_serial_rivers_room_b, chequers_serial_rivers_room_a,
          chequers_serial_rivers_large_a
D:2:      layout_basic
D:3:      layout_rooms, nicolae_overflow_ecumenical_swirl
D:4:      layout_basic, minmay_temple_entry_purple_smoke, uniq_natasha

Skill      XL: |  1  2  3  4  5 |
---------------+----------------+-----
Axes           | 3 4 |  4.3
Fighting       | 3 |  3.0
Translocations | 4 |  4.0
Throwing       | |  0.6
Armour         | |  0.7
Dodging        | |  1.5
Spellcasting   | |  2.0

Action                   |  1- 3 |  4- 6 || total
-------------------------+-------+-------++-------
Melee: Hand axe          |   140 |    26 ||   166
       Tailslap          |    13 |     8 ||    21
       War axe           |       |    39 ||    39
       Short sword       |       |    16 ||    16
 Abil: Rolling Charge    |    25 |    18 ||    43
  Use: Potion            |     2 |       ||     2
       Scroll            |       |     3 ||     3
 Stab: Distracted        |       |     1 ||     1
Armor: Leather armour    |    43 |    31 ||    74
Dodge: Dodged            |    59 |    46 ||   105

Table legend: (Time is in decaauts)
 A = Elapsed time spent in this place.
 B = Non-inter-level travel time spent in this place.
 C = Inter-level travel time spent in this place.
 D = Time resting spent in this place.
 E = Time spent auto-exploring this place.
 F = Levels seen in this place.
 G = Mean time per level.
                   A        B        C        D        E       F      G
               +--------+--------+--------+--------+--------+-----+--------+
         Total |   4112 |   3915 |    197 |    939 |   2444 |   4 | 1028.0 |
       Dungeon |   4112 |   3915 |    197 |    939 |   2444 |   4 | 1028.0 |
               +--------+--------+--------+--------+--------+-----+--------+

Top non-repeatable levels by time:
     D:2: 1602 daAuts
     D:1: 1349 daAuts
     D:3: 641 daAuts
     D:4: 519 daAuts
